AoeStats
← RedPhosphoru

Arabian Desert

509804616Analyzed
1v1 RM · 3d ago on Sep 28, 2026· 30m 41s· 2 players
Game mode
Random Map
Map size
Tiny (2 player)
Population
200
Speed
Normal
Resources
Standard
Victory
Conquest
Starting age
Dark Age
Ending age
Imperial Age
RankedLock teamsTeams togetherTeam positionsShared explorationLock speedFull tech treeHidden civsTurbo modeCheats
Victory
Defeat
🇺🇸 Ethiopians · United States
2293
+25
🇨🇦 Bohemians · Canada
2519
-25
RedPhosphoru
9:12 Feudal Age
8:17 Loom
12:49 Castle Age
11:24 Double-Bit Axe
13:52 Bow Saw
21:30 Husbandry
20:55 Light Cavalry
23:39 Forging
27:22 Wheelbarrow
26:43 Horse Collar
28:52 Iron Casting
28:31 Scale Barding Armor
Survivalist
10:02 Feudal Age
8:19 Loom
13:52 Castle Age
12:07 Double-Bit Axe
16:39 Fletching
18:20 Redemption
19:49 Redemption
21:50 Sanctity
23:51 Fervor
Connection lost

Rejoining the realm…

Still unreachable

The connection could not be restored.

Session expired

The server has moved on; the page needs a fresh start.